 Dungeon Crawl Stone Soup version 0.26-b1-32-g5d43845318 (webtiles) character file.

Game seed: 13595213955829979328

287 MisterFreud the Chopper (level 6, 0/57 HPs)
             Began as a Hill Orc Monk on Jan 11, 2021.
             Slain by Duvessa
             ... wielding a +0 short sword
              (6 damage)
             ... on level 4 of the Dungeon.
             The game lasted 00:05:11 (3929 turns).

MisterFreud the Chopper (Hill Orc Monk)             Turns: 3929, Time: 00:05:12

Health: 0/57       AC: 11    Str: 16    XL:     6   Next: 30%
Magic:  6/6        EV: 11    Int: 10    God:
Gold:   171        SH:  0    Dex: 13    Spells: 5/5 levels left

rFire    . . .     SeeInvis .   a - +0 hand axe
rCold    . . .     Faith    .   (no shield)
rNeg     . . .     Spirit   .   n - +0 ring mail
rPois    .         Reflect  .   q - +0 helmet
rElec    .         Harm     .   (no cloak)
rCorr    .         Rampage  .   (no gloves)
Will     +....                  o - +0 pair of boots
Stlth    +.........             (no amulet)
HPRegen  0.19/turn              g - ring of willpower
MPRegen  0.10/turn              s - +4 ring of protection

@: no status effects
A: no striking features
a: no special abilities


You were on level 4 of the Dungeon.
You visited 1 branch of the dungeon, and saw 4 of its levels.

You collected 171 gold pieces.

Inventory:

Hand Weapons
 a - a +0 hand axe (weapon)
Missiles
 c - 2 curare-tipped darts (quivered)
 j - 11 javelins
 k - 9 boomerangs
Armour
 b - a +0 robe
 n - a +0 ring mail (worn)
 o - a +0 pair of boots (worn)
 q - a +0 helmet (worn)
Jewellery
 g - a ring of willpower (left hand)
 s - a +4 ring of protection (right hand)
Wands
 t - a wand of paralysis (12)
Scrolls
 d - 7 scrolls of identify {unknown}
 e - a scroll of magic mapping {unknown}
 f - 3 scrolls of blinking {unknown}
 i - a scroll of fear {unknown}
 r - a scroll of fog {unknown}
 u - a scroll of amnesia {unknown}
 v - a scroll of immolation {unknown}
Potions
 h - 2 potions of might {unknown}
 l - 2 potions of degeneration {unknown}
 m - a potion of heal wounds {unknown}
 p - 3 potions of curing {unknown}
 w - 2 potions of resistance {unknown}


   Skills:
 - Level 6.0 Fighting
 * Level 7.4 Axes
 - Level 2.4 Dodging
 - Level 1.5 Stealth


You had 5 spell levels left.
You didn't know any spells.
Your spell library was empty.

Dungeon Overview and Level Annotations

Branches:
Dungeon (4/15)
 Temple: D:4-7

Altars:
Cheibriados
Fedhas
Okawaru
Yredelemnul

Annotations:
D:3 3 runed translucent doors, Britaniac's ghost, amateur DsIE
D:4 Duvessa


Message History

You hit Duvessa but do no damage.
Duvessa is severely wounded.
Duvessa hits you with a +0 short sword!
You hit Duvessa but do no damage.
Duvessa is severely wounded.
Duvessa completely misses you.
You hit Duvessa but do no damage.
Duvessa is severely wounded.
You hit Duvessa but do no damage.
Duvessa is almost dead.
Duvessa hits you with a +0 short sword!
* * * LOW HITPOINT WARNING * * *
You hit Duvessa but do no damage.
Duvessa is almost dead.
Duvessa hits you with a +0 short sword.
* * * LOW HITPOINT WARNING * * *
Unknown command.
Duvessa is no longer moving slowly.
Duvessa hits you with a +0 short sword.
You die...

.##............
............... .
#............# ..
#............# ...
#............# ....
#............# .....
#............#
....(.###............#
...$.)($l.e@.........#
$....####............#######
.#. ......###.####.#(.....
........# #.# #.#.#....
#...?....# #.# #.# #.###
########## #.# #.# #.#.. #.#
#.# #.... #.# #.# #.... #.#
#.# #.###


You could see Duvessa (berserk, very poisoned) and a frilled lizard.

Vanquished Creatures
  Dowan (D:4)
  Ijyb (D:3)
  A worker ant (D:4)
  Robin (D:2)
  7 adders
  An adder skeleton (D:4)
  3 worms
  2 dart slugs
  4 leopard geckos
  5 orcs (D:3)
  7 bats
  4 giant cockroaches
  14 goblins
  11 hobgoblins
  7 jackals
  8 kobolds
  A quokka (D:2)
  2 ball pythons
  6 frilled lizards
  5 rats
91 creatures vanquished.

Notes
Turn   | Place    | Note
-------+----------+-------------------------------------------
     0 | D:1      | MisterFreud the Hill Orc Monk began the quest for the Orb.
     0 | D:1      | Reached XP level 1. HP: 19/19 MP: 1/1
   112 | D:1      | Reached XP level 2. HP: 20/27 MP: 2/2
   406 | D:1      | Reached XP level 3. HP: 7/34 MP: 3/3
   989 | D:2      | Reached skill level 5 in Axes
  1210 | D:2      | Reached XP level 4. HP: 35/41 MP: 4/4
  1258 | D:2      | Found an iron altar of Okawaru.
  1332 | D:2      | Noticed Robin
  1358 | D:2      | Reached skill level 5 in Fighting
  1363 | D:2      | Killed Robin
  1426 | D:2      | Found a blossoming altar of Fedhas.
  2367 | D:3      | Reached XP level 5. HP: 32/45 MP: 5/5
  2742 | D:3      | Reached skill level 6 in Axes
  2787 | D:3      | Found a runed translucent gate.
  2787 | D:3      | Found a runed translucent gate.
  2787 | D:3      | Found a runed translucent gate.
  2868 | D:3      | Found a basalt altar of Yredelemnul.
  3088 | D:3      | Noticed Ijyb
  3093 | D:3      | Killed Ijyb
  3657 | D:3      | Noticed Britaniac's ghost (amateur DsIE)
  3664 | D:4      | Found a snail-covered altar of Cheibriados.
  3687 | D:4      | Reached XP level 6. HP: 48/57 MP: 6/6
  3906 | D:4      | Noticed Dowan
  3908 | D:4      | Noticed Duvessa
  3911 | D:4      | Killed Dowan
  3912 | D:4      | Reached skill level 7 in Axes
  3929 | D:4      | Slain by Duvessa

Illustrated notes

Levels and vault maps discovered:
D:1:      dpeg_arrival_rhombi, layout_rooms
D:2:      layout_basic, fedhas_altar_1, okawaru_gym_becter, uniq_robin
D:3:      layout_basic, ebering_ghost_rock_garden, grunt_ministairs_15,
          yredelemnul_altar_generic, uniq_ijyb
D:4:      layout_basic, kennysheep_little_box, kennysheep_slug_shrine,
          nicolae_ossuary_entry_ruins, grunt_ministairs_15, uniq_duvessa,
          uniq_sigmund

Skill      XL: |  1  2  3  4  5  6 |
---------------+-------------------+-----
Fighting       | 4 5 6 |  6.0
Axes           | 5 6 7 |  7.4
Dodging        | |  2.4
Stealth        | |  1.5

Action                   |  1- 3 |  4- 6 || total
-------------------------+-------+-------++-------
Melee: Hand axe          |    95 |   259 ||   354
Throw: Dart              |       |     6 ||     6
 Stab: Sleeping          |       |     1 ||     1
Armor: Robe              |    16 |       ||    16
       Ring mail         |    10 |    99 ||   109
Dodge: Dodged            |    85 |   140 ||   225
